 Dungeon Crawl Stone Soup version 0.29.1-15-g9cfb28693d (webtiles) character file.

Game seed: 7832690942289153165

39 zeram the Shield-Bearer (level 3, -1/23 HPs)
             Began as a Gargoyle Fighter on Mar 5, 2023.
             Slain by a gnoll
             ... wielding a +0 spear
              (2 damage)
             ... on level 2 of the Dungeon.
             The game lasted 00:01:46 (1129 turns).

zeram the Shield-Bearer (Gargoyle Fighter)          Turns: 1129, Time: 00:01:47

Health: -1/23      AC: 11    Str: 21    XL:     3   Next: 47%
Magic:  3/3        EV:  5    Int:  8    God:
Gold:   89         SH:  0    Dex:  9    Spells: 2/2 levels left

rFire   . . .      SeeInvis .   a - +0 flail
rCold   + . .      Faith    .   c - +0 buckler
rNeg    + . .      Spirit   .   b - +0 scale mail
rPois   ∞          Reflect  .   (no helmet)
rElec   +          Harm     .   k - +0 cloak
rCorr   .          Rampage  .   (no gloves)
Will    .....                   (no boots)
Stlth   ..........              (no amulet)
HPRegen 0.07/turn               l - ring of protection from cold
MPRegen 0.08/turn               (no ring)

@: on berserk cooldown, held, slowed, very slow
A: sickness immunity, AC +3, negative energy resistance 1, electricity
resistance, torment resistance 1, petrification resistance
a: no special abilities


You were on level 2 of the Dungeon.
You visited 1 branch of the dungeon, and saw 2 of its levels.

You collected 89 gold pieces.

Inventory:

Hand Weapons
 a - a +0 flail (weapon)
Armour
 b - a +0 scale mail (worn)
 c - a +0 buckler (worn)
 k - a +0 cloak (worn)
Jewellery
 l - a ring of protection from cold (left hand)
Scrolls
 g - a scroll of vulnerability
Potions
 d - 2 potions of might
 i - a potion of cancellation {unknown}


   Skills:
 - Level 3.2 Fighting
 + Level 2.8 Maces & Flails
 + Level 3.6 Armour
 + Level 0.1 Dodging
 + Level 3.9 Shields


You had 2 spell levels left.
You didn't know any spells.
Your spell library was empty.

Dungeon Overview and Level Annotations

Branches:
Dungeon (2/15)

Altars:


Innate Abilities, Weirdness & Mutations

You are immune to sickness and miasma.
Your stone body is resilient. (AC +3)
You are immune to poison.
You resist negative energy. (rN+)
You are resistant to electric shocks. (rElec)
You are resistant to unholy torment.
You are immune to petrification.


Message History

You hit the gnoll.
The gnoll is severely wounded.
The adder barely misses you.
A gnoll comes into view. It is wielding a +0 spear.
The gnoll hits you but does no damage.
You barely miss the gnoll.
The gnoll is severely wounded.
The gnoll shouts!
The adder bites you but does no damage. The gnoll barely misses you.
The gnoll hits you from afar with a +0 halberd!
* * * LOW HITPOINT WARNING * * *
The adder bites you but does no damage.
Okay, then.
A red film seems to cover your vision as you go berserk!
You feel yourself moving faster!
You feel mighty! You block the gnoll's attack.
The gnoll hits you but does no damage. The adder bites you but does no damage.
You block the gnoll's attack.
You sock the gnoll!
You kill the gnoll!
The adder bites you but does no damage.
The gnoll hits you from afar with a +0 halberd.
* * * LOW HITPOINT WARNING * * *
The gnoll closely misses you. The adder barely misses you.
Unknown command.
The gnoll closely misses you.
You feel a strong urge to attack something.
The gnoll throws a throwing net.
You block the throwing net. The gnoll closely misses you.
You see here a throwing net.
You feel your willpower return.
You feel your anger nearly subside.
You are no longer berserk.
You are exhausted.
You feel yourself slow down.
The gnoll throws a throwing net.
The throwing net hits you.
You become entangled in the net!
You see here a throwing net.
You struggle against the net.
The gnoll completely misses you. The adder bites you but does no damage.
The gnoll barely misses you.
You struggle against the net.
The adder bites you but does no damage.
The gnoll hits you from afar with a +0 spear.
You die...

#####.##.##..#..
................
#......S.# ####)##..#
##.##..#.#.
########.g).......
#........gg.......
########SJ##..#.#..#
#@.##..#.#..#.#
####>.##..#.#....##
#.................#
#.....###.........#.
#.##............(...
#.....^...........#.#
####.......#.........
#....####.#........#
#..............#.#.#


You could see 3 gnolls, an adder and an endoplasm.

Vanquished Creatures
  A gnoll (D:2)
  An adder (D:2)
  A dart slug (D:1)
  3 endoplasms (D:1)
  3 giant cockroaches (D:1)
  3 goblins
  A hobgoblin (D:2)
  3 bats
  A frilled lizard (D:1)
  2 rats
19 creatures vanquished.

Notes
Turn   | Place    | Note
-------+----------+-------------------------------------------
     0 | D:1      | zeram the Gargoyle Fighter began the quest for the Orb.
     0 | D:1      | Reached XP level 1. HP: 14/14 MP: 1/1
   419 | D:1      | Reached XP level 2. HP: 19/19 MP: 2/2
   444 | D:1      | Found a faded altar of an unknown god.
  1025 | D:2      | Reached XP level 3. HP: 19/23 MP: 3/3
  1123 | D:2      | HP: 1/34 [gnoll/+0 halberd (3)]
  1129 | D:2      | Slain by a gnoll

Illustrated notes

Levels and vault maps discovered:
D:1:      evilmike_arrival_rings, layout_basic,
          hellmonk_ecumenical_altar_defaced_shrine, minmay_tetromino_o4
D:2:      layout_basic, dk_noncrumbling_2

Action                   || total
-------------------------++-------
Melee: Flail             ||    86
  Use: Scroll            ||     4
       Potion            ||     1
Armor: Scale mail        ||    55
Dodge: Dodged            ||    60
Block: Buckler           ||    24
